 Dungeon Crawl Stone Soup version 0.25-a0-420-g1cc7eeb0d1 (webtiles) character file.

Game seed: 16758200534782067938, levelgen mode: deterministic

163 Kohma the Skirmisher (level 5, -6/47 HPs)
             Began as a Hill Orc Abyssal Knight on Jan 19, 2020.
             Was a Believer of Lugonu.
             Killed by nerve-wracking pain
             ... invoked by Grinder
              (13 damage)
             ... on level 3 of the Dungeon.
             The game lasted 00:10:19 (2425 turns).

Kohma the Skirmisher (Hill Orc Abyssal Knight)      Turns: 2425, Time: 00:10:19

Health: -6/47      AC: 12    Str: 16    XL:     5   Next: 44%
Magic:  7/7        EV:  6    Int: 12    God:    Lugonu [**....]
Gold:   169        SH:  3    Dex: 10    Spells: 4/4 levels left

rFire    . . .     SeeInvis .   e - +3 hand axe
rCold    . . .     Gourm    .   k - +0 buckler
rNeg     . . .     Faith    .   j - +0 chain mail
rPois    .         Spirit   .   (no helmet)
rElec    .         Reflect  .   (no cloak)
rCorr    .         Harm     .   (no gloves)
MR       .....                  i - +2 pair of boots
Stlth    ..........             (no amulet)
HPRegen  0.15/turn              (no ring)
MPRegen  0.10/turn              (no ring)

@: no status effects
A: no striking features
a: Depart the Abyss, Bend Space, Renounce Religion


You were on level 3 of the Dungeon.
You worshipped Lugonu.
Lugonu was pleased with you.
You were not hungry.

You visited 1 branch of the dungeon, and saw 3 of its levels.
You visited the Abyss 1 time.

You collected 169 gold pieces.

Inventory:

Hand Weapons
 e - a +3 hand axe (weapon)
 f - a +2 dagger of electrocution
Armour
 i - a +2 pair of boots (worn)
 j - a +0 chain mail (worn)
 k - a +0 buckler (worn)
Scrolls
 b - 4 scrolls of identify {unknown}
Potions
 a - a potion of might {unknown}
 d - a potion of mutation {unknown}
 g - 2 potions of heal wounds {unknown}
Comestibles
 c - 4 rations


   Skills:
 + Level 4.5 Fighting
 * Level 4.3 Axes
 + Level 3.3 Armour
 - Level 1.0 Dodging
 * Level 1.0 Shields
 + Level 3.9 Invocations


You had 4 spell levels left.
You didn't know any spells.
Your spell library was empty.

Dungeon Overview and Level Annotations

Branches:
Dungeon (3/15)

Altars:
Dithmenos
Trog

Annotations:
D:3 Grinder


Message History

Grinder is heavily wounded.
Grinder barely misses you.
You hit Grinder.
Grinder is heavily wounded.
Grinder barely misses you.
You closely miss Grinder.
Grinder is heavily wounded.
Grinder hits you but does no damage.
You hit Grinder.
Grinder is severely wounded.
Grinder hits you but does no damage.
You closely miss Grinder.
Grinder is severely wounded.
Grinder barely misses you.
Your shield and chain mail prevent you from hitting Grinder.
Grinder is severely wounded.
Grinder barely misses you. Grinder gestures at you.
Pain shoots through your body!
You die...

#.....5. #..#.#.# #.....#
#..#.#.# #....$# #..#.#.#
#.....# #..#.#.# ##.####
#.)#...# #.#######.(#####
..#####.......#..#
........#####.#..#
.........# #.#.@#
....<....####.#.5###
##.####.....#.#....########
# #.......##.#.........
#.###...)..########## #.#
######.......# #..
#.#####.# ### #.# #.#


You could see Grinder.

Vanquished Creatures
  5 gnolls
  5 adders (D:2)
  2 worms
  A dart slug (D:2)
  A leopard gecko (D:2)
  A ball python (D:2)
  4 giant cockroaches
  12 goblins
  6 hobgoblins
  2 jackals (D:2)
  3 quokkas (D:2)
  5 bats
  2 frilled lizards (D:2)
  6 kobolds
  6 rats
61 creatures vanquished.

Notes
Turn   | Place    | Note
-------+----------+-------------------------------------------
     0 | Abyss:1  | Kohma the Hill Orc Abyssal Knight began the quest for the
                  | Orb.
     0 | Abyss:1  | Reached XP level 1. HP: 19/19 MP: 2/2
     0 | Abyss:1  | Found a corrupted altar of Lugonu.
    32 | Abyss:2  | Noticed a small abomination
    32 | Abyss:2  | Noticed a smoke demon
    57 | D:1      | Escaped the Abyss
   236 | D:1      | Reached skill level 1 in Dodging
   236 | D:1      | Reached XP level 2. HP: 22/27 MP: 3/3
   330 | D:1      | Reached * piety under Lugonu
   486 | D:1      | Reached XP level 3. HP: 33/33 MP: 5/5
   936 | D:2      | Reached XP level 4. HP: 37/40 MP: 6/6
  1535 | D:2      | Found a shadowy altar of Dithmenos.
  1562 | D:2      | Reached ** piety under Lugonu
  1612 | D:2      | Found a bloodstained altar of Trog.
  1659 | D:2      | Reached XP level 5. HP: 46/47 MP: 7/7
  1989 | D:2      | Found a faded altar of an unknown god.
  2094 | D:3      | Reached skill level 1 in Shields
  2259 | D:3      | Noticed Grinder
  2425 | D:3      | Killed from afar by Grinder

Levels and vault maps discovered:
D:1:      dpeg_arrival_round_b, layout_rooms, minmay_hexomino_f4
D:2:      wander_river, layout_basic, overflow_temple_1_default,
          grunt_dithmenos_smoke, chequers_ecumenical_altar_simple_redux,
          st_stairs_10
D:3:      kennysheep_big_flooded_room, layout_basic, first_ration,
          palyth_stone_intersect, uniq_natasha, uniq_jessica, uniq_grinder,
          uniq_robin

Skill      XL: |  1  2  3  4  5 |
---------------+----------------+-----
Dodging        | 1 |  1.0
Axes           | 3 4 |  4.3
Invocations    | 3 |  3.9
Fighting       | 4 |  4.5
Armour         | 3 |  3.3
Shields        | 1 |  1.0

Action                   |  1- 3 |  4- 6 || total
-------------------------+-------+-------++-------
Melee: Hand axe          |    60 |   123 ||   183
Invok: Depart the Abyss  |     1 |       ||     1
  Eat: Chunk             |       |     5 ||     5
Armor: Leather armour    |     1 |       ||     1
       Ring mail         |    11 |       ||    11
       Chain mail        |    26 |    82 ||   108
Dodge: Dodged            |    33 |    39 ||    72
Block: Buckler           |       |     1 ||     1

Table legend:
 A = Non-vault XP
 B = Vault XP
 C = Vault XP percentage of total XP
 D = Non-vault monster count
 E = Vault monster count
 F = Vault count percentage of total count
                 A         B        C        D         E       F
            +---------+---------+-------+---------+---------+-------
      Total |     225 |       8 |   3.4 |      56 |       5 |   8.2
            +---------+---------+-------+---------+---------+-------
        D:1 |      57 |       5 |   8.1 |      20 |       3 |  13.0
        D:2 |     115 |       3 |   2.5 |      30 |       2 |   6.2
        D:3 |      53 |       0 |   0.0 |       6 |       0 |   0.0
            +---------+---------+-------+---------+---------+-------
